Rangers vs Sabres
Created - April 7, 2018 at 22:59
Goals
|
Rangers |
0 |
3 |
3 |
0 |
2 |
7 |
Sabres |
1 |
4 |
1 |
0 |
1 |
6 |
|
Shots
|
Rangers |
7 |
14 |
15 |
4 |
4 |
40 |
Sabres |
14 |
13 |
14 |
0 |
4 |
41 |
|
1st period
1. Sabres , Vincent Lecavalier 26 (Ilya Kovalchuk 45, Zach Bogosian 53) at 4:25 (PP)
Penalties :
Braden Holtby (NYR) for Delaying the game (Minor) at 3:36 - Alex Tanguay served the penalty, Valtteri Filppula (NYR) for High sticking (Minor) at 5:46
2nd period
2. Sabres , Scottie Upshall 7 (Zack Kassian 21, Matt Martin 11) at 2:50
3. Sabres , Scottie Upshall 8 (Michael Kostka 26, Ilya Kovalchuk 46) at 3:07
4. Sabres , Andrei Loktionov 34 (Evander Kane 43, Kyle Okposo 29) at 10:23
5. Rangers , Staffan Kronwall 2 (Jakob Silfverberg 39, Milan Lucic 59) at 14:23
6. Rangers , Milan Lucic 47 (Colten Teubert 4, Jakob Silfverberg 40) at 14:33
7. Rangers , Mike Cammalleri 12 (Matt Greene 20) at 17:44
8. Sabres , Andrei Loktionov 35 (Evander Kane 44, Kyle Okposo 30) at 18:20
Penalties :
Colten Teubert (NYR) for Interference (Minor) at 3:17, Valtteri Filppula (NYR) for High sticking (Minor) at 10:54
3rd period
9. Rangers , Milan Lucic 48 (Stephen Weiss 20, Jakob Silfverberg 41) at 1:00
10. Rangers , Valtteri Filppula 16 (Darren Reid 13, Mark Fistric 22) at 2:53 (SH)
11. Sabres , Brandon Sutter 14 (Ilya Kovalchuk 47, Scottie Upshall 19) at 9:22
12. Rangers , Staffan Kronwall 3 (Valtteri Filppula 16, Jakob Silfverberg 42) at 13:58
Penalties :
Stephen Weiss (NYR) for Tripping (Minor) at 1:47, Colten Teubert (NYR) for Roughing (Minor) at 19:03
Overtime #1
No Goal
Penalties :
No Penalty
Shootout
Penalty Shot by James Neal for Rangers - Goal!
Penalty Shot by Ilya Kovalchuk for Sabres - Stopped by Braden Holtby
Penalty Shot by Milan Lucic for Rangers - Stopped by Robin Lehner
Penalty Shot by Vincent Lecavalier for Sabres - Goal!
Penalty Shot by Jakob Silfverberg for Rangers - Shot Misses the Net
Penalty Shot by Evander Kane for Sabres - Stopped by Braden Holtby
Penalty Shot by Alex Tanguay for Rangers - Goal!
Penalty Shot by Darcy Hordichuk for Sabres - Stopped by Braden Holtby
Penalties :
No Penalty
Goalie Stats
Braden Holtby (NYR), 35 saves from 41 shots - (0.854), W, 14-8-2, 65:00 minutes
Robin Lehner (Buf), 34 saves from 40 shots - (0.850), OTL, 35-17-4, 65:00 minutes
Players Stats for Rangers
Player Name G A P +/- PIM S H SB GA TA FO MP PP MP PK MP
------------------------------------------------------------------------------------
Alex Tanguay 0 0 0 0 0 0 0 1 1 0 1/1 16:03 0:00 0:39
Artem Anisimov 0 0 0 1 0 3 1 0 0 0 3/6 11:50 0:00 0:22
Cam Barker 0 0 0 -1 0 2 4 1 1 1 0/0 32:12 0:00 7:25
Colten Teubert 0 1 1 -1 4 0 0 0 0 0 0/0 21:30 0:00 0:00
Darren Reid 0 1 1 0 0 1 2 0 0 1 0/0 9:59 0:00 3:09
Jakob Silfverberg 0 4 4 0 0 4 1 2 0 0 1/2 17:54 0:00 0:00
James Neal 0 0 0 0 0 3 3 0 0 0 1/1 14:05 0:00 0:00
Mark Fistric 0 1 1 0 0 4 0 1 0 1 0/0 28:13 0:00 7:25
Matt Greene 0 1 1 0 0 1 2 1 0 0 0/0 20:54 0:00 3:19
Matt Read 0 0 0 1 0 2 0 2 0 3 1/1 18:32 0:00 5:53
Mike Cammalleri 1 0 1 1 0 4 1 0 0 0 0/1 12:56 0:00 0:00
Milan Lucic 2 1 3 0 0 5 0 0 0 0 2/3 19:06 0:00 0:00
Nathan Gerbe 0 0 0 -1 0 2 0 0 1 0 0/0 6:36 0:00 0:00
Ryan Suter 0 0 0 2 0 1 0 0 0 0 0/0 11:54 0:00 0:00
Sean Couturier 0 0 0 -1 0 0 1 0 1 0 6/12 14:15 0:00 6:26
Staffan Kronwall 2 0 2 2 0 2 0 1 0 1 0/0 15:24 0:00 3:19
Stephen Weiss 0 1 1 0 2 0 3 1 1 0 15/34 20:54 0:00 2:10
Valtteri Filppula 1 1 2 1 4 6 3 0 0 0 3/9 16:54 0:00 1:46
Players Stats for Sabres
Player Name G A P +/- PIM S H SB GA TA FO MP PP MP PK MP
------------------------------------------------------------------------------------
Andrei Loktionov 2 0 2 0 0 3 1 0 0 0 13/21 21:10 4:25 0:00
Brad Richardson 0 0 0 0 0 1 0 0 0 0 0/0 6:47 0:08 0:00
Brandon Sutter 1 0 1 0 0 1 2 0 0 0 9/22 18:16 0:08 0:00
Darcy Hordichuk 0 0 0 0 0 0 0 0 0 0 0/0 6:36 0:00 0:00
Evander Kane 0 2 2 0 0 2 0 0 2 0 0/1 20:53 4:25 0:00
Ilya Kovalchuk 0 3 3 0 0 7 1 1 2 0 3/5 23:57 5:16 0:00
Jakub Kindl 0 0 0 3 0 0 0 1 0 1 0/0 15:41 0:00 0:00
Jared Cowen 0 0 0 -5 0 0 1 0 0 0 0/0 23:04 3:39 0:00
Jordan Leopold 0 0 0 3 0 0 1 0 0 1 0/0 14:04 0:00 0:00
Kyle Okposo 0 2 2 0 0 0 1 0 1 0 0/1 20:25 4:25 0:00
Matt Martin 0 1 1 -1 0 0 2 0 0 0 0/0 12:02 0:00 0:00
Michael Kostka 0 1 1 1 0 3 1 0 0 1 0/0 27:44 6:02 0:00
Patrice Cormier 0 0 0 -1 0 0 0 0 0 0 7/10 12:02 0:00 0:00
Rob Scuderi 0 0 0 -5 0 1 0 1 0 1 0/0 21:35 3:39 0:00
Scottie Upshall 2 1 3 0 0 4 2 1 0 0 1/3 17:27 0:00 0:00
Vincent Lecavalier 1 0 1 0 0 7 1 0 1 0 4/6 12:35 5:08 0:00
Zach Bogosian 0 1 1 1 0 7 0 1 1 0 0/0 27:52 6:02 0:00
Zack Kassian 0 1 1 -1 0 5 0 0 0 1 0/1 17:50 5:08 0:00
3 Stars
1 - Scottie Upshall (Buf)
2 - Staffan Kronwall (NYR)
3 - Milan Lucic (NYR)
Power Play
Rangers - 0 on 0 Attempt(s) - 0.00%
Sabres - 1 on 6 Attempt(s) - 16.67%
Penalty Kill
Rangers - 5 on 6 Attempt(s) - 83.33%
- Score 1 goal in Penalty Kill
Sabres - 0 on 0 Attempt(s) - 0.00%
- Score 0 goal in Penalty Kill
Team Stat
Rangers - Hits : 21 - Faceoff Wins : 33 - Blocked Shots : 10 - Penalty Minutes : 12
Sabres - Hits : 13 - Faceoff Wins : 37 - Blocked Shots : 5 - Penalty Minutes : 0
Official
Referees : Pollock Kevin and Jackson Dave
Linesman : Don Henderson and Jean Morin
Game Notes
No Game Note
Finance
Level 1 -- Attendance: 5548 (92.47%) -- Ticket Income $488,224
Level 2 -- Attendance: 4500 (90.00%) -- Ticket Income $243,000
Level 3 -- Attendance: 1931 (96.55%) -- Ticket Income $67,585
Level 4 -- Attendance: 4000 (100.00%) -- Ticket Income $108,000
Luxury Box -- Attendance: 896 (89.60%) -- Ticket Income $145,152
Game was played at the Duff Garden.
Total Attendance: 16875 (93.75%)
Total Ticket Income: $1,051,961
Other Income: $157,794
Total Income: $1,209,755
Rangers
5 vs 5 Forward
Center Left Wing Right Wing Time % Phy DF OF
1 Stephen Weiss Milan Lucic Jakob Silfverberg 40 1 2 2
2 Valtteri Filppula Alex Tanguay James Neal 30 1 2 2
3 Artem Anisimov Mike Cammalleri Matt Read 20 1 2 2
4 Sean Couturier Nathan Gerbe Darren Reid 10 1 2 2
5 vs 5 Defense
Defense Defense Time % Phy DF OF
1 Cam Barker Colten Teubert 40 1 2 2
2 Mark Fistric Matt Greene 30 1 2 2
3 Ryan Suter Staffan Kronwall 20 1 2 2
4 Cam Barker Mark Fistric 10 1 2 2
PowerPlay Forward
Center Left Wing Right Wing Time % Phy DF OF
1 Stephen Weiss Milan Lucic Matt Read 60 1 2 2
2 Artem Anisimov Alex Tanguay James Neal 40 1 2 2
PowerPlay Defense
Defense Defense Time % Phy DF OF
1 Jakob Silfverberg Cam Barker 60 1 2 2
2 Mike Cammalleri Mark Fistric 40 1 2 2
Penalty Kill 4 Players Forward
Center Wing Time % Phy DF OF
1 Sean Couturier Matt Read 60 1 2 2
2 Valtteri Filppula Darren Reid 40 1 2 2
Penalty Kill 4 Players Defense
Defense Defense Time % Phy DF OF
1 Cam Barker Mark Fistric 60 1 2 2
2 Matt Greene Staffan Kronwall 40 1 2 2
Penalty Kill - 3 Players Forward
Forward Time % Phy DF OF
1 Sean Couturier 60 1 2 2
2 Valtteri Filppula 40 1 2 2
Penalty Kill - 3 Players Defense
Defense Defense Time % Phy DF OF
1 Cam Barker Mark Fistric 60 1 2 2
2 Matt Greene Staffan Kronwall 40 1 2 2
4 vs 4 Forward
Center Wing Time % Phy DF OF
1 Sean Couturier Mike Cammalleri 60 1 2 2
2 Valtteri Filppula Matt Read 40 1 2 2
4 vs 4 Defense
Defense Defense Time % Phy DF OF
1 Cam Barker Colten Teubert 60 1 2 2
2 Mark Fistric Matt Greene 40 1 2 2
Last Minutes Offensive
Center Left Wing Right Wing Defense Defense
Stephen Weiss Milan Lucic James Neal Jakob Silfverberg Cam Barker
Last Minutes Defensive
Center Left Wing Right Wing Defense Defense
Sean Couturier Milan Lucic Matt Read Cam Barker Mark Fistric
Goaltenders
Starting : Braden Holtby
Backup : Henrik Lundqvist
Extra Forwards
Normal : Sean Couturier, Milan Lucic, Matt Read - PP : Valtteri Filppula, Sean Couturier - PK : Matt Read
Extra Defensemen
Normal : Cam Barker, Mark Fistric, Matt Greene - PP : Cam Barker - PK : Mark Fistric, Cam Barker
Penalty Shots
James Neal, Milan Lucic, Jakob Silfverberg, Alex Tanguay, Mike Cammalleri
Scratches
Alexei Emelin (Healthy), Patrik Nemeth (Healthy), Patrice Bergeron (Dislocated Patella Injury)
Sabres
5 vs 5 Forward
Center Left Wing Right Wing Time % Phy DF OF
1 Brandon Sutter Ilya Kovalchuk Scottie Upshall 37 0 2 3
2 Andrei Loktionov Evander Kane Kyle Okposo 32 0 2 3
3 Patrice Cormier Matt Martin Zack Kassian 21 0 2 3
4 Vincent Lecavalier Darcy Hordichuk Brad Richardson 10 0 3 2
5 vs 5 Defense
Defense Defense Time % Phy DF OF
1 Zach Bogosian Michael Kostka 44 0 2 3
2 Jared Cowen Rob Scuderi 40 0 4 1
3 Jakub Kindl Jordan Leopold 16 0 4 1
4 Michael Kostka Jared Cowen 0 0 3 2
PowerPlay Forward
Center Left Wing Right Wing Time % Phy DF OF
1 Vincent Lecavalier Ilya Kovalchuk Zack Kassian 55 0 0 5
2 Andrei Loktionov Evander Kane Kyle Okposo 45 0 0 5
PowerPlay Defense
Defense Defense Time % Phy DF OF
1 Zach Bogosian Michael Kostka 55 1 1 3
2 Jared Cowen Rob Scuderi 45 1 1 3
Penalty Kill 4 Players Forward
Center Wing Time % Phy DF OF
1 Brandon Sutter Darcy Hordichuk 60 0 5 0
2 Patrice Cormier Ilya Kovalchuk 40 0 4 1
Penalty Kill 4 Players Defense
Defense Defense Time % Phy DF OF
1 Zach Bogosian Michael Kostka 60 0 5 0
2 Jared Cowen Rob Scuderi 40 0 4 1
Penalty Kill - 3 Players Forward
Forward Time % Phy DF OF
1 Brandon Sutter 60 0 5 0
2 Darcy Hordichuk 40 0 5 0
Penalty Kill - 3 Players Defense
Defense Defense Time % Phy DF OF
1 Michael Kostka Jared Cowen 60 0 5 0
2 Zach Bogosian Rob Scuderi 40 0 5 0
4 vs 4 Forward
Center Wing Time % Phy DF OF
1 Andrei Loktionov Ilya Kovalchuk 60 1 2 2
2 Vincent Lecavalier Zack Kassian 40 1 2 2
4 vs 4 Defense
Defense Defense Time % Phy DF OF
1 Zach Bogosian Jakub Kindl 60 1 2 2
2 Michael Kostka Jared Cowen 40 1 2 2
Last Minutes Offensive
Center Left Wing Right Wing Defense Defense
Vincent Lecavalier Ilya Kovalchuk Kyle Okposo Zach Bogosian Michael Kostka
Last Minutes Defensive
Center Left Wing Right Wing Defense Defense
Brandon Sutter Ilya Kovalchuk Zack Kassian Zach Bogosian Jared Cowen
Goaltenders
Starting : Robin Lehner
Backup : Jonas Hiller
Extra Forwards
Normal : Ilya Kovalchuk, Kyle Okposo, Vincent Lecavalier - PP : Kyle Okposo, Vincent Lecavalier - PK : Matt Martin
Extra Defensemen
Normal : Zach Bogosian, Rob Scuderi, Jared Cowen - PP : Jakub Kindl - PK : Rob Scuderi, Michael Kostka
Penalty Shots
Ilya Kovalchuk, Vincent Lecavalier, Evander Kane, Darcy Hordichuk, Scottie Upshall
Scratches
Ryan O'Reilly (Healthy), Wade Redden (Healthy)
% Time on Ice - Rangers
Lines # - Real PCT - Wanted PCT - Time Play
Normal Forward
1 - 36% - 40% - 18:05
2 - 28% - 30% - 14:19
3 - 22% - 20% - 11:19
4 - 13% - 10% - 6:36
Normal Defense
1 - 40% - 40% - 20:03
2 - 27% - 30% - 13:43
3 - 24% - 20% - 12:03
4 - 9% - 10% - 4:30
PP Forward
1 - 0% - 60%
2 - 0% - 40%
PP Defense
1 - 0% - 60%
2 - 0% - 40%
PK Forward
1 - 67% - 60% - 6:32
2 - 33% - 40% - 3:09
PK Defense
1 - 70% - 60% - 6:44
2 - 30% - 40% - 2:57
PK3 Forward
1 - 68% - 60% - 0:43
2 - 32% - 40% - 0:20
PK3 Defense
1 - 65% - 60% - 0:41
2 - 35% - 40% - 0:22
44 Forward
1 - 83% - 60% - 3:16
2 - 17% - 40% - 0:41
44 Defense
1 - 79% - 60% - 3:07
2 - 21% - 40% - 0:50
Last Minute Offensive - 0:00
Last Minute Defensive - 0:00
Total
Forward - 65:00
Defense - 65:00
|
% Time on Ice - Sabres
Lines # - Real PCT - Wanted PCT - Time Play
Normal Forward
1 - 35% - 37% - 17:41
2 - 29% - 32% - 14:38
3 - 24% - 21% - 12:02
4 - 12% - 10% - 5:58
Normal Defense
1 - 39% - 44% - 19:35
2 - 34% - 40% - 17:18
3 - 27% - 16% - 13:26
4 - 0% - 0% - 0:00
PP Forward
1 - 54% - 55% - 5:16
2 - 46% - 45% - 4:25
PP Defense
1 - 62% - 55% - 6:02
2 - 38% - 45% - 3:39
PK Forward
1 - 0% - 60%
2 - 0% - 40%
PK Defense
1 - 0% - 60%
2 - 0% - 40%
PK3 Forward
1 - 0% - 60%
2 - 0% - 40%
PK3 Defense
1 - 0% - 60%
2 - 0% - 40%
44 Forward
1 - 78% - 60% - 3:53
2 - 22% - 40% - 1:07
44 Defense
1 - 58% - 60% - 2:53
2 - 42% - 40% - 2:07
Last Minute Offensive - 0:00
Last Minute Defensive - 0:00
Total
Forward - 65:00
Defense - 65:00
|
Play by Play
1st period
0:01 of 1st period - Brandon Sutter wins face-off versus Milan Lucic in neutral zone.
0:06 of 1st period - Icing by Cam Barker.
0:07 of 1st period - Brandon Sutter wins face-off versus Stephen Weiss in Rangers zone.
0:17 of 1st period - Snap shot by Ilya Kovalchuk.
0:17 of 1st period - Stopped by Braden Holtby with a rebound.
0:19 of 1st period - Snap shot by Michael Kostka.
0:19 of 1st period - Shot Misses the Net.
0:21 of 1st period - Snap shot by Zach Bogosian.
0:21 of 1st period - Stopped by Braden Holtby without a rebound.
0:22 of 1st period - Valtteri Filppula wins face-off versus Andrei Loktionov in Rangers zone.
0:31 of 1st period - Wrist shot by James Neal.
0:31 of 1st period - Shot Misses the Net.
0:33 of 1st period - Backhand shot by James Neal.
0:33 of 1st period - Shot Misses the Net.
1:21 of 1st period - Icing by Darren Reid.
1:22 of 1st period - Andrei Loktionov wins face-off versus Sean Couturier in Rangers zone.
2:17 of 1st period - Wrist shot by Zack Kassian.
2:17 of 1st period - Stopped by Braden Holtby with a rebound.
2:37 of 1st period - Snap shot by Matt Read.
2:37 of 1st period - Shot Blocked by Scottie Upshall.
2:57 of 1st period - Snap shot by Mike Cammalleri.
2:57 of 1st period - Shot Blocked by Jakub Kindl.
3:03 of 1st period - Snap shot by Jakob Silfverberg.
3:03 of 1st period - Stopped by Robin Lehner with a rebound.
3:15 of 1st period - Jordan Leopold is hit by Sean Couturier and loses puck.
3:36 of 1st period - Wrist shot by Vincent Lecavalier.
3:36 of 1st period - Stopped by Braden Holtby without a rebound.
3:36 of 1st period - Minor Penalty to Braden Holtby for Delaying the game.
3:37 of 1st period - Sean Couturier wins face-off versus Zack Kassian in Rangers zone.
3:52 of 1st period - Slapshot by Vincent Lecavalier.
3:52 of 1st period - Stopped by Braden Holtby without a rebound.
3:53 of 1st period - Sean Couturier wins face-off versus Andrei Loktionov in Rangers zone.
3:53 of 1st period - Sean Couturier is hit by Kyle Okposo.
4:19 of 1st period - Zach Bogosian is hit by Valtteri Filppula.
4:25 of 1st period - Snap shot by Vincent Lecavalier.
4:25 of 1st period - Goal by Vincent Lecavalier - Rangers : 0 - Sabres : 1.
4:26 of 1st period - Stephen Weiss wins face-off versus Brandon Sutter in neutral zone.
4:31 of 1st period - Slapshot by Milan Lucic.
4:31 of 1st period - Stopped by Robin Lehner with a rebound.
4:43 of 1st period - Wrist shot by Milan Lucic.
4:43 of 1st period - Stopped by Robin Lehner with a rebound.
5:14 of 1st period - Brandon Sutter is hit by Stephen Weiss and loses puck.
5:19 of 1st period - Snap shot by Jakob Silfverberg.
5:19 of 1st period - Stopped by Robin Lehner without a rebound.
5:20 of 1st period - Andrei Loktionov wins face-off versus Valtteri Filppula in Sabres zone.
5:31 of 1st period - Snap shot by Andrei Loktionov.
5:31 of 1st period - Shot Blocked by Staffan Kronwall.
5:33 of 1st period - Slapshot by Jared Cowen.
5:33 of 1st period - Shot Misses the Net.
5:38 of 1st period - Icing by Ryan Suter.
5:39 of 1st period - James Neal wins face-off versus Patrice Cormier in Rangers zone.
5:41 of 1st period - Icing by Valtteri Filppula.
5:42 of 1st period - Patrice Cormier wins face-off versus Valtteri Filppula in Rangers zone.
5:46 of 1st period - Minor Penalty to Valtteri Filppula for High sticking.
5:47 of 1st period - Vincent Lecavalier wins face-off versus Sean Couturier in Rangers zone.
5:57 of 1st period - Snap shot by Vincent Lecavalier.
5:57 of 1st period - Stopped by Braden Holtby with a rebound.
7:46 of 1st period - Penalty to Valtteri Filppula is over, Valtteri Filppula is back on ice.
8:38 of 1st period - Matt Read is hit by Brandon Sutter and loses puck.
8:53 of 1st period - Snap shot by Mike Cammalleri.
8:53 of 1st period - Shot Misses the Net.
8:55 of 1st period - Slapshot by Ryan Suter.
8:55 of 1st period - Shot Misses the Net.
9:30 of 1st period - Brandon Sutter is hit by James Neal.
10:00 of 1st period - Jared Cowen is hit by Matt Greene and loses puck.
10:59 of 1st period - Cam Barker is hit by Ilya Kovalchuk and loses puck.
11:30 of 1st period - Wrist shot by Mike Cammalleri.
11:30 of 1st period - Shot Misses the Net.
11:32 of 1st period - Slapshot by Ryan Suter.
11:32 of 1st period - Stopped by Robin Lehner without a rebound.
11:33 of 1st period - Artem Anisimov wins face-off versus Brandon Sutter in Sabres zone.
11:56 of 1st period - Michael Kostka is hit by Mike Cammalleri and loses puck.
12:07 of 1st period - Wrist shot by Ilya Kovalchuk.
12:07 of 1st period - Stopped by Braden Holtby with a rebound.
12:09 of 1st period - Slapshot by Michael Kostka.
12:09 of 1st period - Deflect By Matt Read.
12:09 of 1st period - Stopped by Braden Holtby with a rebound.
12:11 of 1st period - Wrist shot by Ilya Kovalchuk.
12:11 of 1st period - Shot Blocked by Matt Read.
12:15 of 1st period - Backhand shot by Ilya Kovalchuk.
12:15 of 1st period - Shot Misses the Net.
12:17 of 1st period - Slapshot by Brandon Sutter.
12:17 of 1st period - Shot Misses the Net.
12:19 of 1st period - Slapshot by Michael Kostka.
12:19 of 1st period - Shot Misses the Net.
12:21 of 1st period - Slapshot by Michael Kostka.
12:21 of 1st period - Deflect By Scottie Upshall.
12:21 of 1st period - Stopped by Braden Holtby without a rebound.
12:22 of 1st period - Milan Lucic wins face-off versus Kyle Okposo in Rangers zone.
13:10 of 1st period - Snap shot by Vincent Lecavalier.
13:10 of 1st period - Stopped by Braden Holtby without a rebound.
13:11 of 1st period - Vincent Lecavalier wins face-off versus Sean Couturier in Rangers zone.
13:16 of 1st period - Slapshot by Zach Bogosian.
13:16 of 1st period - Deflect By Sean Couturier.
13:16 of 1st period - Stopped by Braden Holtby with a rebound.
13:18 of 1st period - Snap shot by Vincent Lecavalier.
13:18 of 1st period - Deflect By Mark Fistric.
13:18 of 1st period - Shot Misses the Net.
13:18 of 1st period - Puck is out of play.
13:19 of 1st period - Stephen Weiss wins face-off versus Andrei Loktionov in Rangers zone.
13:30 of 1st period - Wrist shot by Jakob Silfverberg.
13:30 of 1st period - Stopped by Robin Lehner with a rebound.
14:31 of 1st period - Wrist shot by Mike Cammalleri.
14:31 of 1st period - Shot Misses the Net.
15:11 of 1st period - Slapshot by Valtteri Filppula.
15:11 of 1st period - Shot Misses the Net.
15:47 of 1st period - Slapshot by Brad Richardson.
15:47 of 1st period - Shot Misses the Net.
15:59 of 1st period - Wrist shot by Evander Kane.
15:59 of 1st period - Stopped by Braden Holtby without a rebound.
16:00 of 1st period - Andrei Loktionov wins face-off versus Stephen Weiss in Rangers zone.
16:17 of 1st period - Snap shot by Milan Lucic.
16:17 of 1st period - Shot Misses the Net.
16:27 of 1st period - Ryan Suter is hit by Scottie Upshall and loses puck.
16:52 of 1st period - Wrist shot by Mike Cammalleri.
16:52 of 1st period - Stopped by Robin Lehner without a rebound.
16:53 of 1st period - Patrice Cormier wins face-off versus Stephen Weiss in Sabres zone.
16:53 of 1st period - Patrice Cormier is hit by Stephen Weiss.
17:52 of 1st period - Jakub Kindl is hit by Artem Anisimov.
18:02 of 1st period - Milan Lucic is hit by Jordan Leopold and loses puck.
18:27 of 1st period - Jakub Kindl is hit by Darren Reid and loses puck.
18:40 of 1st period - Andrei Loktionov is hit by Valtteri Filppula and loses puck.
19:01 of 1st period - Snap shot by Ilya Kovalchuk.
19:01 of 1st period - Stopped by Braden Holtby without a rebound.
19:02 of 1st period - Stephen Weiss wins face-off versus Brandon Sutter in Rangers zone.
19:40 of 1st period - Andrei Loktionov is hit by James Neal.
Goals for this period are 0 for Rangers vs 1 for Sabres.
Shots for this period are 7 for Rangers vs 14 for Sabres.
2nd period
0:01 of 2nd period - Stephen Weiss wins face-off versus Scottie Upshall in neutral zone.
0:16 of 2nd period - Snap shot by Milan Lucic.
0:16 of 2nd period - Shot Misses the Net.
1:17 of 2nd period - Slapshot by Zach Bogosian.
1:17 of 2nd period - Stopped by Braden Holtby without a rebound.
1:18 of 2nd period - Scottie Upshall wins face-off versus Stephen Weiss in Rangers zone.
1:19 of 2nd period - Wrist shot by Ilya Kovalchuk.
1:19 of 2nd period - Shot Blocked by Jakob Silfverberg.
1:34 of 2nd period - Brandon Sutter is hit by Stephen Weiss and loses puck.
2:48 of 2nd period - Slapshot by Zack Kassian.
2:48 of 2nd period - Stopped by Braden Holtby with a rebound.
2:50 of 2nd period - Wrist shot by Scottie Upshall.
2:50 of 2nd period - Goal by Scottie Upshall - Rangers : 0 - Sabres : 2.
2:51 of 2nd period - Stephen Weiss wins face-off versus Brandon Sutter in neutral zone.
3:03 of 2nd period - Wrist shot by Ilya Kovalchuk.
3:03 of 2nd period - Stopped by Braden Holtby with a rebound.
3:05 of 2nd period - Slapshot by Michael Kostka.
3:05 of 2nd period - Shot Misses the Net.
3:07 of 2nd period - Slapshot by Scottie Upshall.
3:07 of 2nd period - Goal by Scottie Upshall - Rangers : 0 - Sabres : 3.
3:08 of 2nd period - Andrei Loktionov wins face-off versus Stephen Weiss in neutral zone.
3:15 of 2nd period - Slapshot by Zach Bogosian.
3:15 of 2nd period - Stopped by Braden Holtby with a rebound.
3:17 of 2nd period - Minor Penalty to Colten Teubert for Interference.
3:18 of 2nd period - Ilya Kovalchuk wins face-off versus Sean Couturier in Rangers zone.
3:32 of 2nd period - Wrist shot by Vincent Lecavalier.
3:32 of 2nd period - Stopped by Braden Holtby with a rebound.
3:34 of 2nd period - Slapshot by Zach Bogosian.
3:34 of 2nd period - Shot Misses the Net.
5:17 of 2nd period - Penalty to Colten Teubert is over, Colten Teubert is back on ice.
5:30 of 2nd period - Darcy Hordichuk is hit by Cam Barker and loses puck.
5:46 of 2nd period - Icing by Colten Teubert.
5:47 of 2nd period - Artem Anisimov wins face-off versus Patrice Cormier in Rangers zone.
5:56 of 2nd period - Snap shot by Mike Cammalleri.
5:56 of 2nd period - Shot Misses the Net.
6:16 of 2nd period - Zach Bogosian is hit by Valtteri Filppula and loses puck.
6:31 of 2nd period - Wrist shot by Evander Kane.
6:31 of 2nd period - Shot Blocked by Stephen Weiss.
6:33 of 2nd period - Slapshot by Zach Bogosian.
6:33 of 2nd period - Stopped by Braden Holtby with a rebound.
7:30 of 2nd period - Snap shot by Ilya Kovalchuk.
7:30 of 2nd period - Stopped by Braden Holtby without a rebound.
7:31 of 2nd period - Stephen Weiss wins face-off versus Andrei Loktionov in Rangers zone.
8:07 of 2nd period - Alex Tanguay is hit by Matt Martin and loses puck.
8:22 of 2nd period - Slapshot by James Neal.
8:22 of 2nd period - Deflect By Zach Bogosian.
8:22 of 2nd period - Stopped by Robin Lehner without a rebound.
8:23 of 2nd period - Matt Read wins face-off versus Brandon Sutter in Sabres zone.
8:24 of 2nd period - Slapshot by Mark Fistric.
8:24 of 2nd period - Stopped by Robin Lehner with a rebound.
8:26 of 2nd period - Slapshot by Matt Greene.
8:26 of 2nd period - Stopped by Robin Lehner without a rebound.
8:27 of 2nd period - Brandon Sutter wins face-off versus Artem Anisimov in Sabres zone.
8:42 of 2nd period - Backhand shot by Matt Read.
8:42 of 2nd period - Stopped by Robin Lehner with a rebound.
9:17 of 2nd period - Off-side.
9:18 of 2nd period - Valtteri Filppula wins face-off versus Scottie Upshall in neutral zone.
10:09 of 2nd period - Snap shot by Darren Reid.
10:09 of 2nd period - Stopped by Robin Lehner with a rebound.
10:23 of 2nd period - Snap shot by Andrei Loktionov.
10:23 of 2nd period - Goal by Andrei Loktionov - Rangers : 0 - Sabres : 4.
10:24 of 2nd period - Stephen Weiss wins face-off versus Brandon Sutter in neutral zone.
10:38 of 2nd period - Snap shot by Milan Lucic.
10:38 of 2nd period - Shot Misses the Net.
10:40 of 2nd period - Slapshot by Colten Teubert.
10:40 of 2nd period - Deflect By Milan Lucic.
10:40 of 2nd period - Stopped by Robin Lehner without a rebound.
10:41 of 2nd period - Andrei Loktionov wins face-off versus Valtteri Filppula in Sabres zone.
10:47 of 2nd period - Michael Kostka is hit by Cam Barker.
10:49 of 2nd period - Snap shot by Kyle Okposo.
10:49 of 2nd period - Deflect By Cam Barker.
10:49 of 2nd period - Shot Misses the Net.
10:49 of 2nd period - Puck is out of play.
10:50 of 2nd period - Alex Tanguay wins face-off versus Andrei Loktionov in Rangers zone.
10:54 of 2nd period - Minor Penalty to Valtteri Filppula for High sticking.
10:55 of 2nd period - Vincent Lecavalier wins face-off versus Sean Couturier in Rangers zone.
12:54 of 2nd period - Penalty to Valtteri Filppula is over, Valtteri Filppula is back on ice.
13:03 of 2nd period - Off-side.
13:04 of 2nd period - Brandon Sutter wins face-off versus Valtteri Filppula in neutral zone.
13:14 of 2nd period - Snap shot by Scottie Upshall.
13:14 of 2nd period - Stopped by Braden Holtby without a rebound.
13:15 of 2nd period - Brandon Sutter wins face-off versus Valtteri Filppula in Rangers zone.
14:01 of 2nd period - Snap shot by Sean Couturier.
14:01 of 2nd period - Shot Blocked by Zach Bogosian.
14:09 of 2nd period - Slapshot by Nathan Gerbe.
14:09 of 2nd period - Stopped by Robin Lehner with a rebound.
14:11 of 2nd period - Wrist shot by Nathan Gerbe.
14:11 of 2nd period - Stopped by Robin Lehner without a rebound.
14:12 of 2nd period - Stephen Weiss wins face-off versus Brandon Sutter in Sabres zone.
14:21 of 2nd period - Slapshot by Jakob Silfverberg.
14:21 of 2nd period - Shot Blocked by Rob Scuderi.
14:23 of 2nd period - Slapshot by Staffan Kronwall.
14:23 of 2nd period - Deflect By Rob Scuderi.
14:23 of 2nd period - Goal by Staffan Kronwall - Rangers : 1 - Sabres : 4.
14:24 of 2nd period - Stephen Weiss wins face-off versus Brandon Sutter in neutral zone.
14:27 of 2nd period - Snap shot by Milan Lucic.
14:27 of 2nd period - Shot Misses the Net.
14:29 of 2nd period - Wrist shot by Stephen Weiss.
14:29 of 2nd period - Shot Misses the Net.
14:31 of 2nd period - Slapshot by Jakob Silfverberg.
14:31 of 2nd period - Shot Misses the Net.
14:33 of 2nd period - Slapshot by Colten Teubert.
14:33 of 2nd period - Deflect By Milan Lucic.
14:33 of 2nd period - Goal by Milan Lucic - Rangers : 2 - Sabres : 4.
14:34 of 2nd period - Stephen Weiss wins face-off versus Brandon Sutter in neutral zone.
15:13 of 2nd period - Snap shot by Valtteri Filppula.
15:13 of 2nd period - Stopped by Robin Lehner without a rebound.
15:14 of 2nd period - Patrice Cormier wins face-off versus Artem Anisimov in Sabres zone.
15:25 of 2nd period - Slapshot by Matt Read.
15:25 of 2nd period - Stopped by Robin Lehner with a rebound.
15:27 of 2nd period - Slapshot by Mark Fistric.
15:27 of 2nd period - Deflect By Matt Read.
15:27 of 2nd period - Shot Misses the Net.
15:27 of 2nd period - Puck is out of play.
15:28 of 2nd period - Andrei Loktionov wins face-off versus Stephen Weiss in Sabres zone.
16:19 of 2nd period - Matt Read is hit by Matt Martin and loses puck.
17:44 of 2nd period - Slapshot by Mike Cammalleri.
17:44 of 2nd period - Goal by Mike Cammalleri - Rangers : 3 - Sabres : 4.
17:45 of 2nd period - Brandon Sutter wins face-off versus Stephen Weiss in neutral zone.
18:11 of 2nd period - Cam Barker is hit by Andrei Loktionov and loses puck.
18:18 of 2nd period - Wrist shot by Evander Kane.
18:18 of 2nd period - Stopped by Braden Holtby with a rebound.
18:20 of 2nd period - Wrist shot by Andrei Loktionov.
18:20 of 2nd period - Goal by Andrei Loktionov - Rangers : 3 - Sabres : 5.
18:21 of 2nd period - Stephen Weiss wins face-off versus Andrei Loktionov in neutral zone.
18:56 of 2nd period - Snap shot by Rob Scuderi.
18:56 of 2nd period - Shot Hit the Post.
19:01 of 2nd period - Off-side.
19:02 of 2nd period - Stephen Weiss wins face-off versus Ilya Kovalchuk in neutral zone.
19:04 of 2nd period - Off-side.
19:05 of 2nd period - Brandon Sutter wins face-off versus Stephen Weiss in neutral zone.
19:44 of 2nd period - Valtteri Filppula is hit by Michael Kostka and loses puck.
19:57 of 2nd period - Snap shot by Valtteri Filppula.
19:57 of 2nd period - Stopped by Robin Lehner without a rebound.
19:58 of 2nd period - Brandon Sutter wins face-off versus Jakob Silfverberg in Sabres zone.
Goals for this period are 3 for Rangers vs 4 for Sabres.
Shots for this period are 14 for Rangers vs 13 for Sabres.
3rd period
0:01 of 3rd period - Stephen Weiss wins face-off versus Brandon Sutter in neutral zone.
0:28 of 3rd period - Snap shot by Artem Anisimov.
0:28 of 3rd period - Stopped by Robin Lehner without a rebound.
0:29 of 3rd period - Andrei Loktionov wins face-off versus Artem Anisimov in Sabres zone.
0:42 of 3rd period - Wrist shot by Andrei Loktionov.
0:42 of 3rd period - Deflect By Staffan Kronwall.
0:42 of 3rd period - Stopped by Braden Holtby with a rebound.
0:44 of 3rd period - Snap shot by Michael Kostka.
0:44 of 3rd period - Deflect By Matt Read.
0:44 of 3rd period - Stopped by Braden Holtby with a rebound.
0:46 of 3rd period - Snap shot by Zach Bogosian.
0:46 of 3rd period - Stopped by Braden Holtby without a rebound.
0:47 of 3rd period - Stephen Weiss wins face-off versus Ilya Kovalchuk in Rangers zone.
1:00 of 3rd period - Wrist shot by Milan Lucic.
1:00 of 3rd period - Goal by Milan Lucic - Rangers : 4 - Sabres : 5.
1:01 of 3rd period - Andrei Loktionov wins face-off versus Stephen Weiss in neutral zone.
1:19 of 3rd period - Off-side.
1:20 of 3rd period - Valtteri Filppula wins face-off versus Brandon Sutter in neutral zone.
1:33 of 3rd period - Off-side.
1:34 of 3rd period - Andrei Loktionov wins face-off versus Stephen Weiss in neutral zone.
1:41 of 3rd period - Slapshot by Cam Barker.
1:41 of 3rd period - Stopped by Robin Lehner without a rebound.
1:42 of 3rd period - Andrei Loktionov wins face-off versus Stephen Weiss in Sabres zone.
1:42 of 3rd period - Andrei Loktionov is hit by Jakob Silfverberg.
1:47 of 3rd period - Minor Penalty to Stephen Weiss for Tripping.
1:48 of 3rd period - Sean Couturier wins face-off versus Vincent Lecavalier in Rangers zone.
2:53 of 3rd period - Snap shot by Valtteri Filppula.
2:53 of 3rd period - Goal by Valtteri Filppula - Rangers : 5 - Sabres : 5.
2:54 of 3rd period - Ilya Kovalchuk wins face-off versus Sean Couturier in neutral zone.
3:01 of 3rd period - Snap shot by Ilya Kovalchuk.
3:01 of 3rd period - Stopped by Braden Holtby with a rebound.
3:03 of 3rd period - Wrist shot by Zack Kassian.
3:03 of 3rd period - Stopped by Braden Holtby with a rebound.
3:07 of 3rd period - Wrist shot by Vincent Lecavalier.
3:07 of 3rd period - Shot Misses the Net.
3:09 of 3rd period - Slapshot by Michael Kostka.
3:09 of 3rd period - Stopped by Braden Holtby without a rebound.
3:10 of 3rd period - Sean Couturier wins face-off versus Andrei Loktionov in Rangers zone.
3:25 of 3rd period - Snap shot by Evander Kane.
3:25 of 3rd period - Shot Misses the Net.
3:47 of 3rd period - Penalty to Stephen Weiss is over, Stephen Weiss is back on ice.
4:39 of 3rd period - Slapshot by Cam Barker.
4:39 of 3rd period - Stopped by Robin Lehner without a rebound.
4:40 of 3rd period - Vincent Lecavalier wins face-off versus Stephen Weiss in Sabres zone.
4:49 of 3rd period - Wrist shot by Zach Bogosian.
4:49 of 3rd period - Stopped by Braden Holtby with a rebound.
4:51 of 3rd period - Wrist shot by Darcy Hordichuk.
4:51 of 3rd period - Shot Blocked by Jakob Silfverberg.
5:18 of 3rd period - Ilya Kovalchuk is hit by James Neal and loses puck.
5:38 of 3rd period - Snap shot by Mike Cammalleri.
5:38 of 3rd period - Shot Misses the Net.
5:54 of 3rd period - Snap shot by Evander Kane.
5:54 of 3rd period - Shot Blocked by Matt Greene.
6:14 of 3rd period - Snap shot by Vincent Lecavalier.
6:14 of 3rd period - Stopped by Braden Holtby with a rebound.
6:16 of 3rd period - Snap shot by Jared Cowen.
6:16 of 3rd period - Shot Misses the Net.
6:42 of 3rd period - Snap shot by Alex Tanguay.
6:42 of 3rd period - Deflect By James Neal.
6:42 of 3rd period - Stopped by Robin Lehner with a rebound.
6:46 of 3rd period - Slapshot by James Neal.
6:46 of 3rd period - Stopped by Robin Lehner without a rebound.
6:47 of 3rd period - Andrei Loktionov wins face-off versus Mike Cammalleri in Sabres zone.
7:40 of 3rd period - Snap shot by James Neal.
7:40 of 3rd period - Shot Hit the Post.
7:47 of 3rd period - Icing by Patrice Cormier.
7:48 of 3rd period - Patrice Cormier wins face-off versus Stephen Weiss in Sabres zone.
7:48 of 3rd period - Patrice Cormier is hit by Cam Barker.
8:49 of 3rd period - Icing by Jakub Kindl.
8:50 of 3rd period - Patrice Cormier wins face-off versus Stephen Weiss in Sabres zone.
8:59 of 3rd period - Wrist shot by Zack Kassian.
8:59 of 3rd period - Stopped by Braden Holtby without a rebound.
9:00 of 3rd period - Brandon Sutter wins face-off versus Stephen Weiss in Rangers zone.
9:05 of 3rd period - Snap shot by Ilya Kovalchuk.
9:05 of 3rd period - Stopped by Braden Holtby without a rebound.
9:06 of 3rd period - Milan Lucic wins face-off versus Brandon Sutter in Rangers zone.
9:11 of 3rd period - Stephen Weiss is hit by Brandon Sutter and loses puck.
9:22 of 3rd period - Snap shot by Ilya Kovalchuk.
9:22 of 3rd period - Deflect By Brandon Sutter.
9:22 of 3rd period - Goal by Brandon Sutter - Rangers : 5 - Sabres : 6.
9:23 of 3rd period - Andrei Loktionov wins face-off versus Stephen Weiss in neutral zone.
9:49 of 3rd period - Colten Teubert is hit by Scottie Upshall and loses puck.
10:10 of 3rd period - Slapshot by Darcy Hordichuk.
10:10 of 3rd period - Shot Misses the Net.
10:12 of 3rd period - Slapshot by Rob Scuderi.
10:12 of 3rd period - Stopped by Braden Holtby with a rebound.
10:16 of 3rd period - Wrist shot by Vincent Lecavalier.
10:16 of 3rd period - Shot Misses the Net.
10:18 of 3rd period - Slapshot by Darcy Hordichuk.
10:18 of 3rd period - Shot Misses the Net.
10:20 of 3rd period - Slapshot by Jakub Kindl.
10:20 of 3rd period - Shot Blocked by Alex Tanguay.
10:22 of 3rd period - Slapshot by Vincent Lecavalier.
10:22 of 3rd period - Shot Misses the Net.
11:25 of 3rd period - Snap shot by Darren Reid.
11:25 of 3rd period - Shot Blocked by Ilya Kovalchuk.
11:46 of 3rd period - Icing by Mike Cammalleri.
11:47 of 3rd period - Artem Anisimov wins face-off versus Evander Kane in Rangers zone.
11:52 of 3rd period - Slapshot by Mark Fistric.
11:52 of 3rd period - Stopped by Robin Lehner with a rebound.
11:54 of 3rd period - Slapshot by Matt Greene.
11:54 of 3rd period - Shot Misses the Net.
12:00 of 3rd period - Snap shot by Matt Read.
12:00 of 3rd period - Shot Misses the Net.
12:02 of 3rd period - Snap shot by Artem Anisimov.
12:02 of 3rd period - Stopped by Robin Lehner without a rebound.
12:03 of 3rd period - Ilya Kovalchuk wins face-off versus Stephen Weiss in Sabres zone.
13:20 of 3rd period - Off-side.
13:21 of 3rd period - Patrice Cormier wins face-off versus Stephen Weiss in neutral zone.
13:28 of 3rd period - Slapshot by Zack Kassian.
13:28 of 3rd period - Stopped by Braden Holtby with a rebound.
13:54 of 3rd period - Snap shot by Jakob Silfverberg.
13:54 of 3rd period - Stopped by Robin Lehner with a rebound.
13:56 of 3rd period - Snap shot by Valtteri Filppula.
13:56 of 3rd period - Stopped by Robin Lehner with a rebound.
13:58 of 3rd period - Slapshot by Staffan Kronwall.
13:58 of 3rd period - Goal by Staffan Kronwall - Rangers : 6 - Sabres : 6.
13:59 of 3rd period - Jakob Silfverberg wins face-off versus Brandon Sutter in neutral zone.
14:36 of 3rd period - Cam Barker is hit by Jared Cowen and loses puck.
15:32 of 3rd period - Wrist shot by Mike Cammalleri.
15:32 of 3rd period - Stopped by Robin Lehner with a rebound.
16:12 of 3rd period - Snap shot by Mike Cammalleri.
16:12 of 3rd period - Stopped by Robin Lehner with a rebound.
16:14 of 3rd period - Wrist shot by Artem Anisimov.
16:14 of 3rd period - Stopped by Robin Lehner without a rebound.
16:15 of 3rd period - Stephen Weiss wins face-off versus Patrice Cormier in Sabres zone.
16:51 of 3rd period - Snap shot by Brad Richardson.
16:51 of 3rd period - Stopped by Braden Holtby with a rebound.
18:01 of 3rd period - Kyle Okposo is hit by Darren Reid and loses puck.
18:41 of 3rd period - Icing by Scottie Upshall.
18:42 of 3rd period - Patrice Cormier wins face-off versus Valtteri Filppula in Sabres zone.
19:03 of 3rd period - Minor Penalty to Colten Teubert for Roughing.
19:04 of 3rd period - Sean Couturier wins face-off versus Vincent Lecavalier in Rangers zone.
19:35 of 3rd period - Snap shot by Andrei Loktionov.
19:35 of 3rd period - Shot Blocked by Matt Read.
Goals for this period are 3 for Rangers vs 1 for Sabres.
Shots for this period are 15 for Rangers vs 14 for Sabres.
Overtime #1
0:01 of 1st overtime period - Sean Couturier wins face-off versus Andrei Loktionov in neutral zone.
0:14 of 1st overtime period - Slapshot by Mark Fistric.
0:14 of 1st overtime period - Stopped by Robin Lehner with a rebound.
0:49 of 1st overtime period - Snap shot by Matt Greene.
0:49 of 1st overtime period - Shot Misses the Net.
0:51 of 1st overtime period - Snap shot by Valtteri Filppula.
0:51 of 1st overtime period - Stopped by Robin Lehner with a rebound.
0:53 of 1st overtime period - Slapshot by Valtteri Filppula.
0:53 of 1st overtime period - Shot Hit the Post.
0:55 of 1st overtime period - Snap shot by Valtteri Filppula.
0:55 of 1st overtime period - Stopped by Robin Lehner with a rebound.
0:57 of 1st overtime period - Snap shot by Mark Fistric.
0:57 of 1st overtime period - Deflect By Zach Bogosian.
0:57 of 1st overtime period - Stopped by Robin Lehner with a rebound.
1:03 of 1st overtime period - Penalty to Colten Teubert is over, Colten Teubert is back on ice.
1:05 of 1st overtime period - Mark Fistric is hit by Vincent Lecavalier and loses puck.
1:25 of 1st overtime period - Snap shot by Kyle Okposo.
1:25 of 1st overtime period - Shot Blocked by Mark Fistric.
1:27 of 1st overtime period - Snap shot by Michael Kostka.
1:27 of 1st overtime period - Shot Blocked by Cam Barker.
2:40 of 1st overtime period - Icing by Jakub Kindl.
2:41 of 1st overtime period - Andrei Loktionov wins face-off versus Stephen Weiss in Sabres zone.
2:46 of 1st overtime period - Andrei Loktionov is hit by Cam Barker and loses puck.
4:57 of 1st overtime period - Jared Cowen is hit by Matt Greene and loses puck.
Goals for this period are 0 for Rangers vs 0 for Sabres.
Shots for this period are 4 for Rangers vs 0 for Sabres.
ShootOut
5:00 of 1st overtime period - Penalty Shot by James Neal for Rangers.
5:00 of 1st overtime period - Snap shot by James Neal.
5:00 of 1st overtime period - Goal by James Neal.
5:00 of 1st overtime period - Penalty Shot by Ilya Kovalchuk for Sabres.
5:00 of 1st overtime period - Snap shot by Ilya Kovalchuk.
5:00 of 1st overtime period - Stopped by Braden Holtby.
5:00 of 1st overtime period - Penalty Shot by Milan Lucic for Rangers.
5:00 of 1st overtime period - Backhand shot by Milan Lucic.
5:00 of 1st overtime period - Stopped by Robin Lehner.
5:00 of 1st overtime period - Penalty Shot by Vincent Lecavalier for Sabres.
5:00 of 1st overtime period - Snap shot by Vincent Lecavalier.
5:00 of 1st overtime period - Goal by Vincent Lecavalier.
5:00 of 1st overtime period - Penalty Shot by Jakob Silfverberg for Rangers.
5:00 of 1st overtime period - Wrist shot by Jakob Silfverberg.
5:00 of 1st overtime period - Shot Misses the Net.
5:00 of 1st overtime period - Penalty Shot by Evander Kane for Sabres.
5:00 of 1st overtime period - Snap shot by Evander Kane.
5:00 of 1st overtime period - Stopped by Braden Holtby.
5:00 of 1st overtime period - Penalty Shot by Alex Tanguay for Rangers.
5:00 of 1st overtime period - Backhand shot by Alex Tanguay.
5:00 of 1st overtime period - Goal by Alex Tanguay.
5:00 of 1st overtime period - Penalty Shot by Darcy Hordichuk for Sabres.
5:00 of 1st overtime period - Snap shot by Darcy Hordichuk.
5:00 of 1st overtime period - Stopped by Braden Holtby.
Back to the Top